 Dungeon Crawl Stone Soup version bcrawl-1.12.2 (webtiles) character file.

Game seed: 7913747152687472988

29 Ebbett the Shield-Bearer (level 3, -29/35 HPs)
             Began as a Gnoll Fighter on July 22, 2019.
             Killed from afar by a hobgoblin (47 damage)
             ... with an exploding inner flame
             ... hexed by the player character
             ... on level 1 of the Dungeon.
             The game lasted 00:02:35 (447 turns).

Ebbett the Shield-Bearer (Gnoll Fighter)             Turns: 447, Time: 00:02:36

Health: -29/35     AC:  7    Str: 24    XL:     3   Next: 16%
Magic:  3/3        EV:  8    Int: 10    God:
Gold:   77         SH: 11    Dex: 14    Spells: 3/3 levels left

rFire    . . .     SeeInvis .   a - +0 flail
rCold    . . .     Gourm    .   c - +0 shield
rNeg     . . .     Faith    .   b - +0 scale mail
rPois    .         Spirit   .   (no helmet)
rElec    .         Reflect  .   (no cloak)
rCorr    .         Harm     .   (no gloves)
MR       .....                  (no boots)
Stlth    ..........             (no amulet)
HPRegen  0.11/turn              (no ring)
MPRegen  0.08/turn              (no ring)

@: mighty
A: distributed training, fangs 1, strong nose
a: no special abilities


You were on level 1 of the Dungeon.
You were not hungry.

You visited 1 branch of the dungeon, and saw 1 of its levels.

You collected 77 gold pieces.

Inventory:

Hand Weapons
 a - a +0 flail (weapon)
Armour
 b - a +0 scale mail (worn)
 c - a +0 shield (worn)
Scrolls
 h - a scroll of amnesia {unknown}
 i - a scroll of identify {unknown}
 j - a scroll of remove curse {unknown}
Comestibles
 f - 2 rations {!d}
 g - 2 chunks of flesh


   Skills:
 + Level 6.5 Fighting
 + Level 0.6 Short Blades
 + Level 0.6 Long Blades
 + Level 0.6 Axes
 + Level 4.5 Maces & Flails
 + Level 0.6 Polearms
 + Level 0.6 Staves
 + Level 0.6 Slings
 + Level 0.6 Bows
 + Level 0.6 Crossbows
 + Level 0.6 Throwing
 + Level 6.5 Armour
 + Level 0.6 Dodging
 + Level 0.6 Stealth
 + Level 6.5 Shields
 + Level 0.6 Unarmed Combat
 + Level 0.6 Spellcasting
 + Level 0.4 Conjurations
 + Level 0.4 Hexes
 + Level 0.4 Charms
 + Level 0.4 Summonings
 + Level 0.4 Necromancy
 + Level 0.4 Translocations
 + Level 0.4 Transmutations
 + Level 0.4 Fire Magic
 + Level 0.4 Ice Magic
 + Level 0.4 Air Magic
 + Level 0.4 Earth Magic
 + Level 0.4 Poison Magic
 + Level 0.8 Invocations
 + Level 0.6 Evocations


You had 3 spell levels left.
You didn't know any spells.
Your spell library was empty.

Dungeon Overview and Level Annotations

Branches:
Dungeon (1/12)

Altars:


Innate Abilities, Weirdness & Mutations

Your experience applies equally to all skills.
You have very sharp teeth.
Your uncanny sense of smell can sniff out nearby items.


Message History

There are monsters nearby!
A hobgoblin comes into view.
Something unseen opens the large door.
You closely miss the kobold. The kobold hits you with a +0 whip.
The kobold misses you.
You closely miss the kobold. You block the kobold's attack. x2
The kobold hits you but does no damage.
You barely miss the kobold.
The kobold hits you but does no damage. x2
You feel very mighty all of a sudden.
You block the kobold's attack. x2; The hobgoblin hits you with a +0 club.
As you read the scroll labeled DOERAO ELORUPN, it crumbles to dust.
The creatures around you are filled with an inner flame!
It was a scroll of immolation.
You block the kobold's attack. x2
You sock the kobold!
The kobold explodes!
The fiery explosion engulfs the hobgoblin.
The hobgoblin explodes!
The fiery explosion engulfs you!
Ouch! That really hurt!
You die...

#....###..#####
#....# ##.....#
#....####.###.#
#^...'........#
#....##########
#..).#
#....#######
#.....§§...#
#....§§@§..#
##'##§K§g..#
#.§§§..#
.K.g.........#
..?......#####
.........#
g....#####
.####


You could see a hobgoblin (inner flame) and a kobold (inner flame).

Vanquished Creatures
  2 dart slugs (D:1)
  2 leopard geckos (D:1)
  3 goblins (D:1)
  4 hobgoblins (D:1)
  3 bats (D:1)
  2 frilled lizards (D:1)
  4 kobolds (D:1)
  A rat (D:1)
21 creatures vanquished.

Notes
Turn   | Place    | Note
-------+----------+-------------------------------------------
     0 | D:1      | Ebbett the Gnoll Fighter began the quest for the Orb.
     0 | D:1      | Reached XP level 1. HP: 23/23 MP: 1/1
    45 | D:1      | Reached XP level 2. HP: 25/29 MP: 2/2
   342 | D:1      | Reached XP level 3. HP: 29/35 MP: 3/3
   447 | D:1      | Killed from afar by a hobgoblin

Action                   || total
-------------------------++-------
Melee: Flail             ||    75
       Bite              ||     6
  Use: Scroll            ||     1
       Potion            ||     1
Armor: Scale mail        ||    45
Dodge: Dodged            ||    33
Block: Shield            ||    70
